 Dungeon Crawl Stone Soup version 0.29.1-2-gbd0b4ee654 (webtiles) character file.

Game seed: 17710675352326079739

96 qeuew the Sneak (level 4, -1/23 HPs)
             Began as an Octopode Brigand on Nov 4, 2022.
             Slain by a rat (3 damage)
             ... in a sewer.
             The game lasted 00:04:53 (1795 turns).

qeuew the Sneak (Octopode Brigand)                  Turns: 1795, Time: 00:04:53

Health: -1/23      AC:  1    Str:  7 (8)  XL:     4   Next: 67%
Magic:  4/4        EV: 13    Int: 13      God:
Gold:   156        SH:  0    Dex: 13      Spells: 3/3 levels left

rFire   + . .      SeeInvis .   a - +2 dagger
rCold   . . .      Faith    .   (no shield)
rNeg    . . .      Spirit   .   (helmet restricted)
rPois   .          Reflect  .   (no amulet)
rElec   .          Harm     .   (no ring)
rCorr   .          Rampage  .   (no ring)
Will    .....                   (no ring)
Stlth   ++++......              (no ring)
HPRegen 0.07/turn               (no ring)
MPRegen 0.09/turn               (no ring)
                                (no ring)
                                (no ring)

@: no status effects
A: almost no armour, amphibious, 8 rings, camouflage 1, gelatinous body 1,
(nimble swimmer 1), tentacles, clumsy 1, fire resistance 1, frail 2, weak 1
a: no special abilities


You were in a sewer.
You visited 1 branch of the dungeon, and saw 3 of its levels.
You also visited: Sewer.

You collected 156 gold pieces.

Inventory:

Hand Weapons
 a - a +2 dagger (weapon)
Missiles
 b - 9 poisoned darts (quivered)
 c - 3 curare-tipped darts
Jewellery
 j - an amulet of the acrobat
Scrolls
 d - 2 scrolls of enchant armour {unknown}
 f - a scroll of identify
Potions
 e - a potion of attraction
 g - 3 potions of curing


   Skills:
 + Level 2.3 Fighting
 + Level 2.6 Short Blades
 + Level 2.0 Throwing
 + Level 1.5 Dodging
 + Level 7.3 Stealth


You had 3 spell levels left.
You didn't know any spells.
Your spell library contained the following spells:

 Spells                   Type           Power      Damage    Failure   Level
 Foxfire                  Conj/Fire      0%         2x1d4     30%         1
 Conjure Flame            Conj/Fire      0%         6-21      67%         3
 Inner Flame              Hex/Fire       0%         N/A       67%         3
 Flame Wave               Conj/Fire      0%         2d4       97%         4


Dungeon Overview and Level Annotations

Branches:
Dungeon (3/15)              Sewer (1/1)

Altars:
Sif Muna
Trog

Shops:
D:2 [


Innate Abilities, Weirdness & Mutations

You cannot wear most types of armour.
You are amphibious.
You can wear up to eight rings at the same time.
Your skin changes colour to match your surroundings (Stealth+).
Your rubbery body absorbs attacks. (AC +1, EV +1)
((You are camouflaged when in or above water. (Stealth+)))
You have tentacles for arms and can constrict up to eight enemies at once.
You are clumsy. (Dex -2)
Your flesh is heat resistant. (rF+)
You are very frail. (-20% HP)
You are weak. (Str -2)


Message History

You hit the adder.
The adder is almost dead.
You constrict the adder.
You feel sick. The adder completely misses you. The adder barely misses you.
You barely miss the adder. Your squeeze misses the adder.
The adder is almost dead.
You constrict the adder.
You kill the adder!
You feel sick. The adder closely misses you.
You barely miss the adder. Your grab misses the adder.
Your squeeze misses the adder.
You feel sick. The adder barely misses you. The rat closely misses you.
The adder barely misses you.
You hit the adder. You grab the adder. You squeeze the adder.
The adder is severely wounded.
You constrict the adder, but do no damage.
You feel sick.
You are no longer poisoned.
The ball python bites you. The ball python grabs you.
The ball python constricts you. The adder barely misses you.
You are too injured to fight recklessly!
You are too injured to fight recklessly!
You are too injured to fight recklessly!
You are too injured to fight recklessly!
You hit the adder.
You kill the adder!
The rat bites you. The ball python bites you. The ball python constricts you.
You feel your dexterity returning.
You hit the rat.
You kill the rat!
The rat bites you.
* * * LOW HITPOINT WARNING * * *
The ball python bites you.
* * * LOW HITPOINT WARNING * * *
The ball python constricts you.
* * * LOW HITPOINT WARNING * * *
You barely miss the ball python. You grab the ball python.
You squeeze the ball python.
You kill the ball python!
The rat bites you.
You die...

####
####...####
####.........#
##....††r......
#......@#
##.....†##
#......##
##~~.~##
#≈≈≈†~≈#
#≈≈≈~~≈#
#≈≈≈~≈≈#
#≈≈≈~≈≈#
#≈≈≈~~≈#


You could see a rat.

Vanquished Creatures
  7 adders
  3 ball pythons
  5 bats
  2 endoplasms
  3 giant cockroaches
  2 hobgoblins
  2 quokkas (D:2)
  A frilled lizard (D:3)
  5 goblins
  5 rats
35 creatures vanquished.

Notes
Turn   | Place    | Note
-------+----------+-------------------------------------------
     0 | D:1      | qeuew the Octopode Brigand began the quest for the Orb.
     0 | D:1      | Reached XP level 1. HP: 14/14 MP: 1/1
   119 | D:1      | Found a faded altar of an unknown god.
   321 | D:1      | Reached XP level 2. HP: 19/19 MP: 2/2
   527 | D:1      | Gained mutation: You are robust. (+10% HP) [potion of
                  | mutation]
   527 | D:1      | Gained mutation: You have hidden genetic defects. [potion
                  | of mutation]
   528 | D:1      | Lost mutation: You are robust. (+10% HP) [potion of
                  | mutation]
   528 | D:1      | Lost mutation: You have hidden genetic defects. [potion of
                  | mutation]
   528 | D:1      | Gained mutation: You are frail. (-10% HP) [potion of
                  | mutation]
   528 | D:1      | Gained mutation: You are very frail. (-20% HP) [potion of
                  | mutation]
   528 | D:1      | Gained mutation: You have hidden genetic potential. [potion
                  | of mutation]
   746 | D:2      | Reached skill level 6 in Stealth
   984 | D:2      | Found Ezewumif's Armour Boutique.
  1173 | D:2      | Reached XP level 3. HP: 19/19 MP: 3/3
  1192 | D:2      | Gained mutation: You possess an exceptional clarity of
                  | mind. [hidden potential]
  1435 | D:3      | Found a bloodstained altar of Trog.
  1489 | D:3      | Found a shimmering blue altar of Sif Muna.
  1582 | D:3      | Reached skill level 7 in Stealth
  1582 | D:3      | Reached XP level 4. HP: 16/23 MP: 4/4
  1591 | D:3      | Gained mutation: You are partially covered in iridescent
                  | scales. (AC +2) [hidden potential]
  1591 | D:3      | Lost mutation: You have hidden genetic potential. [hidden
                  | potential expressed]
  1627 | D:3      | Found a glowing drain.
  1650 | Sewer    | Entered a sewer
  1651 | Sewer    | Lost mutation: You possess an exceptional clarity of mind.
                  | [potion of mutation]
  1651 | Sewer    | Lost mutation: You are partially covered in iridescent
                  | scales. (AC +2) [potion of mutation]
  1651 | Sewer    | Gained mutation: You are weak. (Str -2) [potion of
                  | mutation]
  1651 | Sewer    | Gained mutation: You are clumsy. (Dex -2) [potion of
                  | mutation]
  1651 | Sewer    | Gained mutation: Your flesh is heat resistant. (rF+)
                  | [potion of mutation]
  1795 | Sewer    | Slain by a rat

Illustrated notes

Levels and vault maps discovered:
D:1:      ebering_hopf_link, layout_loops_ring,
          chequers_ecumenical_altar_simple_redux
D:2:      layout_basic, serial_shops, nicolae_shop_waterfront
D:3:      layout_loops_ring, mainiacjoe_overflow_concentric_impassable,
          mainiacjoe_overflow_chevrons, portal_sewer_entry_b
Sewer:    sewer_minmay_w

Skill      XL: |  1  2  3 |
---------------+----------+-----
Stealth        | 6 7 |  7.3
Fighting       | |  2.3
Short Blades   | |  2.6
Throwing       | |  2.0
Dodging        | |  1.5

Action                   |  1- 3 |  4- 6 || total
-------------------------+-------+-------++-------
Melee: Dagger            |    49 |    19 ||    68
       Tentacles         |     7 |     5 ||    12
       Constrict         |    11 |     7 ||    18
  Use: Potion            |     8 |     1 ||     9
       Scroll            |     5 |       ||     5
 Stab: Sleeping          |     9 |     2 ||    11
Armor: Skin              |     9 |     5 ||    14
Dodge: Dodged            |    30 |    17 ||    47
